 Dungeon Crawl Stone Soup version 0.29.1 (webtiles) character file.

Game seed: 18402155970879428457

6381 greasedhog the Cleaver (level 11, -12/80 HPs)
             Began as a Formicid Fighter on Sept 14, 2022.
             Was an Elder of the Shining One.
             Mangled by Snorg (16 damage)
             ... on level 10 of the Dungeon.
             The game lasted 00:08:57 (10231 turns).

greasedhog the Cleaver (Formicid Fighter)          Turns: 10231, Time: 00:08:58

Health: -12/80     AC: 13    Str: 25    XL:     11   Next: 17%
Magic:  15/15      EV: 10    Int:  8    God:    the Shining One [****..]
Gold:   56         SH: 18    Dex: 13    Spells: 10/10 levels left

rFire   . . .      SeeInvis +   r - +9 hand axe "Silur" {flame, rElec rC+}
rCold   + . .      Faith    .   I - +0 tower shield {reflect}
rNeg    + + .      Spirit   .   y - +3 scale mail
rPois   .          Reflect  +   (helmet unavailable)
rElec   +          Harm     .   E - +1 cloak
rCorr   +          Rampage  .   J - +0 pair of gloves
Will    ++...                   (no boots)
Stlth   ..........              e - amulet of reflection
HPRegen 0.23/turn               i - ring of resist corrosion
MPRegen 0.14/turn               v - ring of willpower

@: mighty, glowing
A: permanent stasis, dig shafts and tunnels, antennae 3, four strong arms
a: Dig, Shaft Self, Renounce Religion, Divine Shield, Cleansing Flame


You were on level 10 of the Dungeon.
You worshipped the Shining One.
The Shining One was greatly pleased with you.
You visited 1 branch of the dungeon, and saw 10 of its levels.

You collected 520 gold pieces.
You spent 464 gold pieces at shops.

Inventory:

Hand Weapons
 r - the +9 hand axe "Silur" (weapon) {flame, rElec rC+}
   (You found it on level 3 of the Dungeon)

   It burns those it strikes, dealing additional fire damage.
   Big, fiery blades are also staple armaments of hydra-hunters.
   rC:        It protects you from cold.
   rElec:     It insulates you from electricity.
 z - the +11 whip of Unerupt {vorpal, Dex+3}
   (You found it on level 6 of the Dungeon)

   It inflicts extra damage upon your enemies.
   Dex:       It affects your dexterity (+3).
Missiles
 x - a throwing net
Armour
 y - a +3 scale mail (worn)
 E - a +1 cloak (worn)
 I - a +0 tower shield of reflection (worn)
 J - a +0 pair of gloves (worn)
Jewellery
 b - a +4 ring of protection
 e - an amulet of reflection (around neck)
 i - a ring of resist corrosion (left hand)
 v - a ring of willpower (right hand)
 B - a ring of protection from cold
 D - a ring of ice
Wands
 c - a wand of flame (8)
 p - a wand of charming (25)
 F - a wand of roots (4)
Scrolls
 a - a scroll of poison
 j - 3 scrolls of fear
 k - a scroll of butterflies
 o - a scroll of vulnerability
 q - 2 scrolls of magic mapping
 s - 3 scrolls of amnesia
 w - 4 scrolls of immolation
 H - a scroll of enchant weapon {unknown}
Potions
 d - 2 potions of might
 f - 5 potions of curing
 g - 3 potions of attraction
 h - 2 potions of degeneration {unknown}
 l - 2 potions of cancellation {unknown}
 m - 2 potions of heal wounds
 n - 4 potions of lignification
 t - 2 potions of resistance {unknown}
 u - a potion of haste {unknown}
 A - a potion of flight {unknown}
 C - a potion of magic {unknown}


   Skills:
 * Level 5.6 Fighting
 * Level 11.5 Axes
 - Level 5.2 Armour
 - Level 6.0 Dodging
 * Level 5.6 Shields
 - Level 6.0 Invocations
 - Level 5.3 Evocations


You had 10 spell levels left.
You didn't know any spells.
Your spell library contained the following spells:

 Spells                   Type           Power      Damage    Failure   Level
 Beastly Appendage        Tmut           0%         N/A       99%         1
 Poisonous Vapours        Pois/Air       0%         N/A       100%        2
 Static Discharge         Conj/Air       0%         3-3/arc   100%        2
 Wereblood                Tmut           0%         N/A       100%        2
 Conjure Flame            Conj/Fire      0%         6-21      100%        3
 Gell's Gravitas          Tloc           0%         N/A       100%        3
 Ignite Poison            Fire/Tmut/Pois 0%         N/A       100%        3
 Lesser Beckoning         Tloc           0%         N/A       100%        3
 Spider Form              Tmut/Pois      0%         N/A       100%        3
 Teleport Other           Tloc           0%         N/A       100%        3
 Corpse Rot               Necr/Pois/Air  0%         N/A       100%        4
 Sticky Flame             Conj/Fire      0%         2d3       100%        4
 Lightning Bolt           Conj/Air       0%         1d11      100%        5
 Manifold Assault         Tloc           0%         N/A       100%        5
 Summon Forest            Summ/Tloc      0%         N/A       100%        5
 Dispersal                Tloc           0%         N/A       100%        6
 Eringya's Noxious Bog    Tmut/Pois      0%         N/A       100%        6
 Summon Hydra             Summ           0%         N/A       100%        7
 Maxwell's Capacitive Co  Air            0%         ∞         100%        8
 Blink                    Tloc           Unusable   N/A       N/A         2

Dungeon Overview and Level Annotations

Branches:
Dungeon (10/15)            Temple (0/1) D:4
   Lair: D:8-11         Orc: D:9-12

Altars:
Nemelex Xobeh
Okawaru
Sif Muna
Vehumet
Wu Jian
The Shining One

Shops:
D:7 *   D:8 [   D:9 :![[

Annotations:
D:4 1 runed translucent door, miserystealer's ghost, amateur DsMo
D:10 Snorg


Innate Abilities, Weirdness & Mutations

You cannot be hasted, slowed, berserked, paralysed or teleported.
You can dig through walls and to a lower floor.
You have a pair of large antennae on your head. (SInv)
Your four strong arms can wield two-handed weapons with a shield.


Message History

Snorg bites you. You block Snorg's attack. Snorg completely misses you.
You are too injured to fight recklessly!
You are too injured to fight recklessly!
You are too injured to fight recklessly!
You are too injured to fight recklessly!
You are too injured to fight recklessly!
You are too injured to fight recklessly!
You are too injured to fight recklessly!
You are too injured to fight recklessly!
You are too injured to fight recklessly!
You are too injured to fight recklessly!
You are too injured to fight recklessly!
You are too injured to fight recklessly!
You are too injured to fight recklessly!
You are too injured to fight recklessly!
You are too injured to fight recklessly!
You are too injured to fight recklessly!
You are too injured to fight recklessly!
You are too injured to fight recklessly!
You are too injured to fight recklessly!
Unknown command.
You barely miss Snorg.
Snorg is moderately wounded.
You block Snorg's attack. Snorg claws you! You block Snorg's attack.
Snorg misses you. Snorg barely misses you. Snorg claws you.
You hit Snorg. You burn Snorg.
Snorg is moderately wounded.
You block Snorg's attack. x2; Snorg barely misses you.
Snorg bites you!!
* * * LOW HITPOINT WARNING * * *
Snorg claws you.
* * * LOW HITPOINT WARNING * * *
Snorg barely misses you.
You feel very mighty all of a sudden. Snorg bites you but does no damage.
You block Snorg's attack. x2
You feel much better. You block Snorg's attack. Snorg claws you!
* * * LOW HITPOINT WARNING * * *
Snorg claws you!
* * * LOW HITPOINT WARNING * * *
Snorg bites you!
You die...

#.. .....#
...♣<...#
..♣....#
......#
..... ...
#T# #@#
#)# #)#
#.# #.#
#)# #.#
##########
#.#
..<.......
#.#


You could see Snorg (berserk).

Vanquished Creatures
  A two-headed ogre (D:9)
  Pikel (D:5)
  Maurice (D:8)
  Maggie (D:7)
  A gargoyle (D:10)
  A hornet (D:6)
  Sigmund (D:5)
  A wyvern (D:9)
  2 water moccasins
  A black bear (D:6)
  3 sky beasts
  3 orc warriors
  3 ogres
  3 centaurs
  A phantom (D:6)
  A lemure (D:5)
  2 kobold brigands
  Blork the orc (D:6)
  3 bullfrogs
  4 scorpions
  A necrophage (D:4)
  6 wights
  13 killer bees (D:9)
  2 howler monkeys
  A jelly (D:6)
  3 hounds
  3 orc priests
  3 gnoll boudas
  10 orc wizards
  An iguana (D:5)
  12 gnolls
  8 adders
  A shadow imp (D:7)
  2 white imps
  An ufetubus (D:4)
  3 worms
  3 dart slugs
  34 orcs
  7 ball pythons
  11 endoplasms
  2 giant cockroaches
  8 goblins
  5 hobgoblins
  3 jackals (D:1)
  17 kobolds
  3 quokkas
  6 bats
  A frilled lizard (D:1)
  8 rats
213 creatures vanquished.

Vanquished Creatures (others)
  A kobold (D:7)
1 creature vanquished.

Grand Total: 214 creatures vanquished

Notes
Turn   | Place    | Note
-------+----------+-------------------------------------------
     0 | D:1      | greasedhog the Formicid Fighter began the quest for the
                  | Orb.
     0 | D:1      | Reached XP level 1. HP: 18/18 MP: 1/1
   105 | D:1      | Found a faded altar of an unknown god.
   131 | D:1      | Prayed at the altar of an unknown god.
   131 | D:1      | Became a worshipper of the Shining One
   131 | D:1      | Reached * piety under the Shining One
   144 | D:1      | Reached XP level 2. HP: 23/24 MP: 2/2
   449 | D:1      | Reached XP level 3. HP: 30/30 MP: 3/3
  1843 | D:2      | Reached XP level 4. HP: 37/37 MP: 4/4
  2158 | D:3      | Reached skill level 5 in Shields
  2220 | D:3      | Found a radiant altar of Vehumet.
  2231 | D:3      | Reached skill level 3 in Axes
  2638 | D:3      | Found an iron altar of Okawaru.
  2643 | D:3      | Identified the +9 hand axe "Silur" {flame, rElec rC+}
  2685 | D:3      | Reached XP level 5. HP: 38/43 MP: 5/5
  2836 | D:3      | Found an ornate altar of the Wu Jian Council.
  3152 | D:4      | Identified the +12 quarterstaff of Raqixun {spect, Int+2}
  3366 | D:4      | Reached ** piety under the Shining One
  3430 | D:4      | Reached skill level 5 in Fighting
  3430 | D:4      | Reached skill level 4 in Axes
  3430 | D:4      | Reached XP level 6. HP: 48/51 MP: 6/6
  3680 | D:4      | Found a runed translucent door.
  3680 | D:4      | Noticed miserystealer's ghost (amateur DsMo)
  3739 | D:4      | Reached XP level 7. HP: 30/56 MP: 7/7
  3981 | D:4      | Reached skill level 5 in Axes
  4112 | D:4      | Reached skill level 5 in Armour
  4148 | D:4      | Found a staircase to the Ecumenical Temple.
  4643 | D:5      | Entered Level 5 of the Dungeon
  4654 | D:5      | Reached skill level 1 in Dodging
  4834 | D:5      | Noticed Pikel
  4861 | D:5      | Killed Pikel
  4862 | D:5      | Reached skill level 6 in Axes
  4862 | D:5      | Reached XP level 8. HP: 37/62 MP: 8/8
  5137 | D:5      | Found the +3 woodcutter's axe {vorpal}
  5138 | D:5      | Noticed Sigmund
  5147 | D:5      | Killed Sigmund
  5148 | D:5      | Reached skill level 7 in Axes
  5442 | D:5      | Reached XP level 9. HP: 64/68 MP: 9/9
  5884 | D:5      | Found a shimmering blue altar of Sif Muna.
  6275 | D:6      | Reached skill level 5 in Dodging
  6300 | D:6      | Found a sparkling altar of Nemelex Xobeh.
  6306 | D:6      | Reached skill level 8 in Axes
  6369 | D:6      | Identified the +11 whip of Unerupt {vorpal, Dex+3}
  6569 | D:6      | Noticed Blork the orc
  6575 | D:6      | Killed Blork the orc
  6634 | D:6      | Noticed a hornet
  6641 | D:6      | Killed a hornet
  7211 | D:7      | Reached *** piety under the Shining One
  7221 | D:7      | Reached skill level 1 in Invocations
  7322 | D:7      | Reached skill level 9 in Axes
  7384 | D:7      | Found Ceuviom's Fire Supplies.
  7583 | D:7      | Noticed Maggie
  7601 | D:7      | Killed Maggie
  7602 | D:7      | Reached XP level 10. HP: 54/74 MP: 10/12
  8525 | D:8      | Reached skill level 5 in Invocations
  8548 | D:8      | Noticed Maurice
  8562 | D:8      | Killed Maurice
  8563 | D:8      | Reached skill level 10 in Axes
  8580 | D:8      | Found Sogoc's Antique Armour Emporium.
  8588 | D:8      | Bought a tower shield for 85 gold pieces
  8683 | D:8      | Reached skill level 1 in Evocations
  9288 | D:9      | Noticed a two-headed ogre
  9299 | D:9      | Killed a two-headed ogre
  9595 | D:9      | Reached skill level 11 in Axes
  9702 | D:9      | Found Oror's Antique Armour Shop.
  9707 | D:9      | Bought a shiny tower shield for 172 gold pieces
  9707 | D:9      | Bought a pair of gloves for 103 gold pieces
  9750 | D:9      | Reached XP level 11. HP: 78/79 MP: 15/15
  9822 | D:9      | Found Tonwiaq's Antique Armour Boutique.
  9855 | D:9      | Found Koasel's Book Boutique.
  9893 | D:9      | Found Aluila's Distillery.
  9907 | D:9      | Bought a potion of heal wounds for 65 gold pieces
  9907 | D:9      | Bought a potion of lignification for 39 gold pieces
 10030 | D:9      | Reached skill level 5 in Evocations
 10168 | D:10     | Entered Level 10 of the Dungeon
 10204 | D:10     | Reached **** piety under the Shining One
 10217 | D:10     | Noticed Snorg
 10231 | D:10     | HP: 4/80 [Snorg (15)]
 10231 | D:10     | Mangled by Snorg

Illustrated notes

Levels and vault maps discovered:
D:1:      dpeg_chamrin_arrival_tetris, layout_loops_corners,
          ebering_ecumenical_altar_webs, nicolae_wormholes
D:2:      layout_basic
D:3:      layout_rooms, nzn_wu_jian_council_hall, okawaru_ov_weapons_minmay,
          mainiacjoe_overflow_brackets, hangedman_decor_push
D:4:      layout_layer_cave, minmay_temple_entry_hall, gammafunk_ghost_grave
D:5:      layout_basic, nicolae_sif_muna_little_library,
          amcnicky_mini_corridor_feature, uniq_sigmund, uniq_pikel
D:6:      layout_cave_pods, mainiacjoe_overflow_surrounded_room,
          uniq_blork_the_orc
D:7:      layout_loops_corners, nicolae_shop_fire_sale [nicolae_sub_dead_trees],
          kennysheep_generic_room_10, uniq_maggie
D:8:      layout_basic, serial_shops, nicolae_square_shop, uniq_maurice
D:9:      layout_roguey, serial_shops, nicolae_shop_hallway_plus,
          nicolae_shop_window_shopping, nicolae_shop_stone,
          nicolae_stop_n_shop_2, eino_jars
D:10:     layout_basic, serial_bayou, serial_bayou_pond_c,
          serial_bayou_lagoon_a, serial_bayou_shore_b, serial_bayou_pond_d,
          minmay_shop_grid_forest, uniq_snorg, uniq_josephine

Skill      XL: |  1  2  3  4  5  6  7  8  9 10 11 |
---------------+----------------------------------+-----
Fighting       | 4 5 |  5.6
Shields        | 5 |  5.6
Axes           | 3 4 6 7 9 11 | 11.5
Armour         | 4 5 |  5.2
Dodging        | 3 4 6 |  6.0
Invocations    | 3 6 |  6.0
Evocations     | 4 5 |  5.3

Action                   |  1- 3 |  4- 6 |  7- 9 | 10-12 || total
-------------------------+-------+-------+-------+-------++-------
Melee: War axe           |    77 |    38 |       |       ||   115
       Hand axe          |       |    57 |   150 |   143 ||   350
  Use: Scroll            |     5 |     1 |     4 |     3 ||    13
       Potion            |       |       |       |     2 ||     2
Armor: Scale mail        |    25 |    52 |    25 |    34 ||   136
Dodge: Dodged            |    30 |    51 |    45 |    29 ||   155
Block: Buckler           |    15 |    36 |    53 |    12 ||   116
       Reflection        |       |     4 |     1 |    10 ||    15
       Tower shield      |       |       |       |   114 ||   114
